 Dungeon Sprint DCSS version 0.23-a0-358-g98c7a59 (webtiles) character file.

39953 namelastname112 the Imperceptible (level 13, -1/113 HPs)
             Began as a Vampire Enchanter on Oct 22, 2018.
             Was the Champion of Dithmenos.
             Slain by a tentacled monstrosity (9 damage)
             ... in the Dungeon (Sprint IX: "|||||||||||||||||||||||||||||").
             The game lasted 00:16:22 (6084 turns).

namelastname112 the Imperceptible (VpEn)            Turns: 6084, Time: 00:16:22

Health: -1/113     AC: 11    Str:  8    XL:     13   Next: 72%
Magic:  24/40      EV: 22    Int: 20    God:    Dithmenos [******]
Gold:   1631       SH:  0    Dex: 16    Spells: 28/40 levels left

rFire    + + .     SeeInvis +   m - +7 rapier (elec)
rCold    + . .     Gourm    .   (no shield)
rNeg     + + .     Faith    .   D - +2 robe {rF+}
rPois    +         Spirit   .   G - +1 helmet
rElec    .         Reflect  .   I - +1 cloak
rCorr    .         Harm     .   H - +1 pair of gloves
MR       +....     NoTele   +   A - +0 pair of boots
Stlth    ++++++++++             (no amulet)
HPRegen  0.14/turn              E - ring of magical power
MPRegen  0.27/turn              b - ring of protection from fire

@: regenerating slowly, wreathed by umbra, constricted
A: fangs 3, see invisible, unbreathing
a: Bat Form, Shadow Step, Shadow Form, Renounce Religion


You were in the Dungeon.
You worshipped Dithmenos.
Dithmenos was exalted by your worship.
You were very thirsty.

You visited 1 branch You collected 1811 gold pieces.
You spent 180 gold pieces at shops.

Inventory:

Hand Weapons
 a - a +1 dagger
 m - a +7 rapier of electrocution (weapon)
 B - a +0 blowgun
Missiles
 n - 2 throwing nets (quivered)
 C - 4 curare-tipped needles
Armour
 A - a +0 pair of boots (worn)
 D - a +2 robe of fire resistance (worn)
 G - a +1 helmet (worn)
 H - a +1 pair of gloves (worn)
 I - a +1 cloak (worn)
Jewellery
 b - a ring of protection from fire (right hand)
 q - a +2 ring of protection
 u - an uncursed ring of ice
 E - a ring of magical power (left hand)
 F - an uncursed ring of protection from magic
Wands
 l - a wand of iceblast (10)
Scrolls
 i - 4 scrolls of remove curse
 j - 5 scrolls of blinking
 k - 2 scrolls of amnesia
 t - 3 scrolls of identify
 v - a scroll of fog
 x - 3 scrolls of enchant armour
 y - a scroll of torment
 K - 2 scrolls of fear
Potions
 c - a potion of invisibility
 d - 24 potions of blood
 e - 9 potions of curing
 f - 6 potions of heal wounds
 g - 4 potions of haste
 h - 4 potions of magic
 r - a potion of might
 s - a potion of resistance
 J - a potion of berserk rage


   Skills:
 + Level 14.1 Fighting
 + Level 16.4 Short Blades
 + Level 16.6 Dodging
 + Level 22.1 Stealth
 + Level 14.3 Spellcasting
 + Level 20.8 Hexes


You had 28 spell levels left.
You knew the following spells:

 Your Spells              Type           Power        Failure   Level  Hunger
a - Corona                Hex            #######      0%          1    None
c - Dazzling Spray        Conj/Hex       ######       1%          3    None
d - Tukima's Dance        Hex            #######.     0%          3    None
x - Confuse               Hex            #######.     0%          3    None
z - Ensorcelled Hibernat  Hex/Ice        ######       1%          2    None

Your spell library contained the following spells:

 Spells                   Type           Power        Failure   Level  Hunger


Dungeon Overview and Level Annotations

Branches:
Dungeon (1/1)

Altars:
Cheibriados
Dithmenos
Elyvilon
Fedhas
Gozag
Hepliaklqana
Kikubaaqudgha
Makhleb
Nemelex Xobeh
Okawaru
Qazlal
Ru
Sif Muna
Trog
Uskayaw
Vehumet
Wu Jian
Xom
Yredelemnul
Zin
The Shining One
Beogh
Jiyva
Lugonu

Shops:
D }*(*


Innate Abilities, Weirdness & Mutations

You heal slowly.
You have razor-sharp teeth.
You have supernaturally acute eyesight. (SInv)
You can survive without breathing.


Message History

The tentacled monstrosity completely misses you.
The tentacled monstrosity tentacle-slaps you but does no damage.
The tentacled monstrosity tentacle-slaps you!
* * * LOW HITPOINT WARNING * * *
The tentacled monstrosity constricts you.
You take 14 damage, and have 30/113 hp.
You now have 23/40 mp.
The tentacled monstrosity's grasp on you weakens, but your attempt to escape The tentacled monstrosity completely misses you.
The tentacled monstrosity tentacle-slaps you but does no damage.
The tentacled monstrosity closely misses you.
* * * LOW HITPOINT WARNING * * *
The tentacled monstrosity constricts you!
You take 8 damage, and have 22/113 hp.
The tentacled monstrosity's grasp on you weakens, but your attempt to escape The tentacled monstrosity tentacle-slaps you!
* * * LOW HITPOINT WARNING * * *
You emit a cloud of dark smoke.
The tentacled monstrosity tentacle-slaps you but does no damage.
The tentacled monstrosity completely misses you.
You die...

.................................
▓▓▓▓▓▓▓▓▓▓▓▓▓▓▓▓▓▓▓▓▓▓▓▓▓▓▓▓▓▓▓▓▓
...[[[.[[........[.()))........([
▓▓▓▓▓▓▓▓▓▓▓▓▓▓▓▓▓▓▓▓▓▓▓▓▓▓▓▓▓▓▓▓▓
............).........=..........
▓▓▓▓▓▓▓▓▓▓▓▓♣♣♣♣♣♣♣♣♣♣▓▓▓▓▓▓▓▓▓▓▓
.)))........'÷..÷.s.§§'.........'
▓▓▓▓▓▓▓▓▓▓▓▓♣♣♣♣♣♣♣♣♣♣▓▓▓▓▓▓▓▓▓▓▓
..............§X@§§....p.........
▓▓▓▓▓▓▓▓▓▓▓▓▓▓▓▓▓▓▓▓▓▓▓▓▓▓▓▓▓▓▓▓▓


.TXcC ▓▓▓▓▓ You could see a tentacled monstrosity.

Vanquished Creatures
  Agnes (D)
  A shadow dragon (D)
  Kirke (D)
  A stone giant (D)
  Azrael (D)
  A spark wasp (D)
  A fire dragon (D)
  A naga warrior (D)
  Erolcha (D)
  A great orb of eyes (D)
  4 hydras (D)
  A centaur warrior (D)
  A merfolk avatar (D)
  An alligator (D)
  A death knight (D)
  2 tengu warriors (D)
  An ogre mage (D)
  A vampire mage (D)
  An orc high priest (D)
  A spriggan berserker (D)
  Sonja (D)
  A shock serpent (D)
  3 sea snakes (D)
  A naga ritualist (D)
  A harpy (D)
  An unseen horror (D)
  A wizard (D)
  7 orc knights (D)
  An orc sorcerer (D)
  An orb spider (D)
  A wolf spider (D)
  2 manticores (D)
  A guardian serpent (D)
  2 black mambas (D)
  A water nymph (D)
  A naga mage (D)
  4 spiny frogs (D)
  A tengu conjurer (D)
  2 jumping spiders (D)
  A troll (shapeshifter) (D)
  2 blink frogs (D)
  A hornet (D)
  2 merfolk (D)
  4 polar bears (D)
  2 slime creatures (D)
  A troll (D)
  A bog body (D)
  3 hippogriffs (D)
  A shadow (D)
  3 tarantellas (D)
  A fire elemental (D)
  A yak (D)
  A wyvern (D)
  2 hogs (D)
  A wraith (D)
  Eustachio (D)
  A vampire mosquito (D)
  2 hungry ghosts (D)
  A naga (D)
  3 hell hounds (D)
  7 water moccasins (D)
  A swamp drake (D)
  18 orc warriors (D)
  5 black bears (D)
  A wolf (D)
  3 centaurs (D)
  4 bullfrogs (D)
  2 hounds (D)
  4 orc priests (D)
  An orc wizard (D)
  An adder (D)
  A shadow imp (D)
  2 adder skeletons (D)
  6 orcs (D)
  A ball python (D)
  3 kobolds (D)
  A bat (D)
  A frilled lizard (D)
154 creatures vanquished.

Vanquished Creatures (others)
  A dancing weapon (D)
  A spatial maelstrom (D)
  A black mamba (D)
  2 humans (D)
5 creatures vanquished.

Grand Total: 159 creatures vanquished

Notes
Turn   | Place    | Note
-------+----------+-------------------------------------------
     0 | D        | namelastname112 the Vampire Enchanter began the quest for
                  | the Orb.
     0 | D        | Reached XP level 1. HP: 13/13 MP: 3/3
    25 | D        | Banished a spatial maelstrom
  1478 | D        | Noticed a hound
  1480 | D        | Reached skill level 1 in Fighting
  1480 | D        | Reached skill level 5 in Stealth
  1480 | D        | Reached skill level 5 in Hexes
  1480 | D        | Reached XP level 2. HP: 21/21 MP: 3/5
  1483 | D        | Reached skill level 6 in Stealth
  1483 | D        | Reached XP level 3. HP: 27/27 MP: 3/7
  1543 | D        | Learned a level 2 spell: Ensorcelled Hibernation
  1547 | D        | Learned a level 3 spell: Confuse
  1550 | D        | Found a roughly hewn altar of Beogh.
  1550 | D        | Found a snail-covered altar of Cheibriados.
  1550 | D        | Found a shadowy altar of Dithmenos.
  1550 | D        | Found a white marble altar of Elyvilon.
  1550 | D        | Found a blossoming altar of Fedhas.
  1550 | D        | Found an opulent altar of Gozag.
  1551 | D        | Found a hazy altar of Hepliaklqana.
  1552 | D        | Found a viscous altar of Jiyva.
  1553 | D        | Found an ancient bone altar of Kikubaaqudgha.
  1554 | D        | Found a corrupted altar of Lugonu.
  1555 | D        | Became a worshipper of Dithmenos the Shadowed
  1556 | D        | Found a burning altar of Makhleb.
  1557 | D        | Found a sparkling altar of Nemelex Xobeh.
  1558 | D        | Found an iron altar of Okawaru.
  1559 | D        | Found a stormy altar of Qazlal.
  1560 | D        | Found a sacrificial altar of Ru.
  1561 | D        | Found a deep blue altar of Sif Muna.
  1562 | D        | Found a bloodstained altar of Trog.
  1563 | D        | Found a hide-covered altar of Uskayaw.
  1564 | D        | Found a radiant altar of Vehumet.
  1565 | D        | Found an ornate altar of the Wu Jian Council.
  1566 | D        | Found a shimmering altar of Xom.
  1567 | D        | Found a basalt altar of Yredelemnul.
  1568 | D        | Found a glowing silver altar of Zin.
  1569 | D        | Found a glowing golden altar of the Shining One.
  1609 | D        | Noticed a bullfrog
  1609 | D        | Noticed a wraith
  1609 | D        | Noticed a water moccasin
  1609 | D        | Noticed a centaur
  1609 | D        | Noticed a hungry ghost
  1622 | D        | Reached XP level 4. HP: 29/34 MP: 2/9
  1630 | D        | Killed a bullfrog
  1630 | D        | Reached skill level 5 in Dodging
  1630 | D        | Reached skill level 7 in Stealth
  1630 | D        | Reached XP level 5. HP: 20/41 MP: 3/11
  1644 | D        | Killed a wraith
  1644 | D        | Reached * piety under Dithmenos
  1644 | D        | Reached skill level 5 in Short Blades
  1644 | D        | Reached skill level 9 in Stealth
  1644 | D        | Reached skill level 5 in Spellcasting
  1644 | D        | Reached XP level 6. HP: 31/49 MP: 2/13
  1646 | D        | Killed a water moccasin
  1646 | D        | Reached skill level 5 in Fighting
  1650 | D        | Reached skill level 10 in Stealth
  1655 | D        | Killed a hungry ghost
  1655 | D        | Reached ** piety under Dithmenos
  1655 | D        | Reached XP level 7. HP: 26/56 MP: 2/16
  1938 | D        | Noticed a troll
  1938 | D        | Noticed a centaur warrior
  1938 | D        | Noticed a slime creature
  1938 | D        | Noticed a hungry ghost
  1938 | D        | Noticed a wyvern
  1940 | D        | Killed a troll
  1940 | D        | Reached skill level 11 in Stealth
  1940 | D        | Reached skill level 10 in Hexes
  1942 | D        | Killed a centaur warrior
  1942 | D        | Reached skill level 12 in Stealth
  1942 | D        | Reached XP level 8. HP: 65/65 MP: 17/19
  1959 | D        | Killed a slime creature
  1959 | D        | Reached *** piety under Dithmenos
  1972 | D        | Reached skill level 13 in Stealth
  2031 | D        | Learned a level 3 spell: Dazzling Spray
  2035 | D        | Learned a level 3 spell: Tukima's Dance
  2184 | D        | Noticed a spiny frog
  2184 | D        | Noticed a hippogriff
  2184 | D        | Noticed a six-headed hydra
  2185 | D        | Noticed a blink frog
  2186 | D        | Killed a spiny frog
  2186 | D        | Reached XP level 9. HP: 72/72 MP: 19/21
  2188 | D        | Reached **** piety under Dithmenos
  2191 | D        | Reached skill level 10 in Dodging
  2708 | D        | Reached skill level 10 in Short Blades
  2710 | D        | Reached skill level 14 in Stealth
  2747 | D        | Killed a six-headed hydra
  2751 | D        | Reached ***** piety under Dithmenos
  2929 | D        | Noticed a spiny frog
  2929 | D        | Noticed a spiny frog
  2929 | D        | Noticed a polar bear
  2930 | D        | Noticed a four-headed hydra
  2931 | D        | Killed a spiny frog
  2931 | D        | Reached XP level 10. HP: 82/82 MP: 21/23
  2937 | D        | Killed a spiny frog
  2937 | D        | Reached skill level 15 in Stealth
  2947 | D        | Killed a four-headed hydra
  2949 | D        | Reached ****** piety under Dithmenos
  3047 | D        | Reached skill level 10 in Spellcasting
  3047 | D        | Reached skill level 15 in Hexes
  3057 | D        | Reached skill level 16 in Stealth
  3115 | D        | Noticed Eustachio
  3122 | D        | Killed Eustachio
  3143 | D        | Noticed Sonja
  3148 | D        | Killed Sonja
  3148 | D        | Reached skill level 10 in Fighting
  3163 | D        | Noticed Erolcha
  3166 | D        | Killed Erolcha
  3166 | D        | Reached XP level 11. HP: 90/90 MP: 19/25
  3388 | D        | Noticed an orc knight
  3389 | D        | Noticed an orc sorcerer
  3390 | D        | Killed an orc knight
  3393 | D        | Noticed an orc knight
  3398 | D        | Noticed an orc high priest
  3407 | D        | Killed an orc sorcerer
  3407 | D        | Reached skill level 17 in Stealth
  3411 | D        | Killed an orc knight
  3426 | D        | Killed an orc high priest
  3622 | D        | Found Apnan's Gadget Emporium.
  3622 | D        | Noticed an orc knight
  3622 | D        | Noticed an orc knight
  3625 | D        | Found Ewihym's General Store.
  3628 | D        | Noticed an orc knight
  3636 | D        | Killed an orc knight
  3637 | D        | Noticed an orc knight
  3653 | D        | Killed an orc knight
  3663 | D        | Killed an orc knight
  3700 | D        | Killed an orc knight
  3700 | D        | Reached skill level 18 in Stealth
  3755 | D        | Noticed an orc knight
  3768 | D        | Killed an orc knight
  3775 | D        | Found Oginiont's Antique Weapon Emporium.
  3779 | D        | Found Ysam Neth's General Store.
  3793 | D        | Bought a scroll of enchant weapon for 90 gold pieces
  3793 | D        | Bought a scroll of enchant armour for 90 gold pieces
  4015 | D        | Noticed an unseen horror
  4016 | D        | Noticed a death knight
  4022 | D        | Killed an unseen horror
  4037 | D        | Noticed a tengu warrior
  4042 | D        | Killed a death knight
  4042 | D        | Reached XP level 12. HP: 100/100 MP: 17/27
  4059 | D        | Killed a tengu warrior
  4129 | D        | Noticed a stone giant
  4131 | D        | Noticed an ogre mage
  4132 | D        | Noticed a vampire mage
  4133 | D        | Killed a stone giant
  4133 | D        | Reached skill level 19 in Stealth
  4135 | D        | Killed an ogre mage
  4149 | D        | Killed a vampire mage
  4291 | D        | Noticed Azrael
  4318 | D        | Killed Azrael
  4425 | D        | Noticed a merfolk avatar
  4450 | D        | Killed a merfolk avatar
  4453 | D        | Reached skill level 20 in Stealth
  4465 | D        | Reached skill level 15 in Dodging
  4814 | D        | Noticed a naga warrior
  4816 | D        | Reached skill level 15 in Short Blades
  4855 | D        | Killed a naga warrior
  4855 | D        | Reached XP level 13. HP: 73/109 MP: 6/30
  5335 | D        | Noticed a spark wasp
  5337 | D        | Killed a spark wasp
  5337 | D        | Reached skill level 21 in Stealth
  5671 | D        | Noticed Agnes
  5678 | D        | Killed Agnes
  5696 | D        | Noticed Kirke
  5707 | D        | Noticed a sphinx
  5709 | D        | Killed Kirke
  5771 | D        | Noticed a fire dragon
  5772 | D        | Noticed a shadow dragon
  5776 | D        | Noticed a tentacled monstrosity
  5782 | D        | Killed a fire dragon
  5782 | D        | Paralysed by a floating eye for 3 turns
  5784 | D        | Noticed a frost giant
  5789 | D        | Paralysed by a floating eye for 2 turns
  5917 | D        | Killed a shadow dragon
  5917 | D        | Reached skill level 22 in Stealth
  6084 | D        | Slain by a tentacled monstrosity

Vault maps used:
D:        linesprint

Skill      XL: |  1  2  3  4  5  6  7  8  9 10 11 12 13 |
---------------+----------------------------------------+-----
Fighting       | 1 2 3 4 5 6 7 8 10 11 12 14 | 14.1
Short Blades   | 2 3 4 5 7 8 9 10 12 13 15 16 | 16.4
Dodging        | 3 4 5 6 7 8 9 10 12 13 15 16 | 16.6
Stealth        | 5 6 7 9 10 12 13 14 16 18 20 22 | 22.1
Hexes          | 5 6 7 8 9 11 12 14 15 17 19 20 | 20.8
Spellcasting   | 3 4 5 6 7 8 9 10 11 13 14 | 14.3

Action                   |  1- 3 |  4- 6 |  7- 9 | 10-12 | 13-15 || total
-------------------------+-------+-------+-------+-------+-------++-------
Melee: Dagger            |    18 |       |       |       |       ||    18
       Bite              |     3 |       |     4 |    18 |     3 ||    28
       Rapier            |     4 |    28 |    35 |   210 |    63 ||   340
 Cast: Ensorcelled Hiber |     3 |     1 |    12 |    64 |    18 ||    98
       Confuse           |       |     1 |    14 |    22 |     8 ||    45
       Dazzling Spray    |       |       |       |    17 |    15 ||    32
       Tukima's Dance    |       |       |       |     2 |       ||     2
Invok: Shadow Step       |       |       |       |     4 |       ||     4
 Abil: End Transformatio |       |       |     3 |       |     1 ||     4
       Bat Form          |       |       |     3 |       |     1 ||     4
  Use: Potion            |     1 |     2 |     1 |       |     2 ||     6
       Scroll            |       |       |       |     5 |       ||     5
 Stab: Sleeping          |     4 |     1 |    11 |    52 |    18 ||    86
       Distracted        |     1 |       |       |       |     1 ||     2
       Confused          |       |       |     4 |    20 |     6 ||    30
       Invisible         |       |       |       |     1 |     1 ||     2
Armor: Robe              |     9 |     4 |     3 |    19 |    13 ||    48
Dodge: Dodged            |    13 |    26 |    29 |   140 |    47 ||   255

Table legend:
 A = Non-vault XP
 B = Vault XP
 C = Vault XP percentage of total XP
 D = Non-vault monster count
 E = Vault monster count
 F = Vault count percentage of total count
                 A         B        C        D         E       F
            +---------+---------+-------+---------+---------+-------
      Total |       0 |   57077 | 100.0 |       0 |     155 | 100.0
            +---------+---------+-------+---------+---------+-------
          D |       0 |   57077 | 100.0 |       0 |     155 | 100.0
            +---------+---------+-------+---------+---------+-------
